Map: Jagannatha LE

Players

RazerBlader

  • Race: Terran Terran
  • League: Master
  • Spawn Location: 7:00

Seither - Winner!

  • Race: Terran Terran
  • League: Grandmaster
  • Spawn Location: 1:00

Event: DreamHack SC2 Masters 2020 Winter

VOD

Have the link to the VOD?

Description

Time

  • Played on: Oct. 25, 2020, 5:10 a.m.
  • Length: 10:19

All games in this series

Show
View Real Time Build Order
Export as new Build Order

RazerBlader Terran 

Build Orders:  

Get SALT Encoding   

  12  0:00  SCV  
  13  0:12  SCV  
  14  0:18  Supply Depot  
  14  0:25  SCV  
  15  0:30  Refinery  
  15  0:44  Barracks  
  15  0:48  SCV  
  16  0:57  Refinery  
  16  1:00  SCV  
  17  1:12  SCV  
  19  1:31  Barracks Tech Lab, Orbital Command  
  18  1:38  Factory  
  18  1:50  Marauder  
  18  1:51  Concussive Shells  
  20  2:02  Supply Depot  
  20  2:11  SCV, Marauder  
  23  2:23  SCV  
  23  2:24  Hellion  
  23  2:27  Supply Depot  
  26  2:32  Marauder  
  28  2:39  SCV  
  29  2:45  Factory Tech Lab  
  29  3:08  Cyclone  
  29  3:11  SCV, Command Center  
  33  3:21  Supply Depot  
  33  3:26  Starport  
  33  3:29  SCV  
  34  3:41  SCV  
  34  3:44  Cyclone  
  36  3:59  Barracks  
  36  4:02  SCV  
  37  4:04  Starport Tech Lab  
  37  4:08  Refinery  
  37  4:22  SCV  
  37  4:23  Orbital Command  
  41  4:29  Raven  
  40  4:35  SCV  
  41  4:42  Siege Tank  
  44  4:47  SCV  
  45  4:53  Marine  
  45  4:59  SCV x2  
  46  5:08  Supply Depot  
  46  5:11  SCV x2, Barracks Reactor  
  48  5:18  Raven  
  50  5:22  Marine  
  50  5:23  SCV x2  
  50  5:25  Supply Depot  
  53  5:35  SCV x2  
  54  5:36  Siege Tank  
  54  5:41  Command Center  
  58  5:45  Marine  
  58  5:47  SCV x2  
  61  5:52  Supply Depot  
  61  5:59  SCV  
  61  6:00  SCV  
  61  6:03  Marine  
  64  6:08  Supply Depot  
  64  6:09  Siege Tank  
  67  6:11  SCV  
  67  6:12  SCV  
  67  6:13  Viking  
  71  6:19  Viking  
  71  6:22  Marine x2  
  71  6:23  SCV  
  71  6:24  SCV  
  77  6:35  SCV, Engineering Bay x2  
  77  6:36  SCV  
  79  6:42  Siege Tank  
  79  6:45  Marine  
  83  6:47  Barracks Reactor  
  83  6:48  SCV x2  
  83  6:54  Refinery, Orbital Command  
  85  6:55  Barracks  
  85  7:00  SCV x2  
  89  7:07  Terran Infantry Armor Level 1, Terran Infantry Weapons Level 1  
  87  7:09  Marine  
  87  7:12  SCV  
  87  7:14  SCV  
  90  7:24  SCV  
  90  7:25  Barracks  
  90  7:26  Barracks  
  90  7:27  Marine  
  92  7:30  Siege Tank  
  92  7:34  Marine x2  
  72  7:45  Marine  
  65  7:51  Marine  
  65  7:52  Marine  
  65  7:56  Marine  
  66  8:01  Viking  
  66  8:02  Siege Tank  
  71  8:11  Marine  
  71  8:12  Marine x2  
  67  8:13  Marine  
  42  9:18  Marine  
  23  9:35  Marine  
  23  9:53  Marine  
Show
View Real Time Build Order
Export as new Build Order

Seither Terran - Winner!

Build Orders:  

Get SALT Encoding   

  12  0:00  SCV  
  13  0:12  SCV  
  14  0:18  Supply Depot  
  14  0:24  SCV  
  15  0:28  Refinery  
  15  0:39  SCV  
  16  0:45  Barracks  
  16  0:51  SCV  
  17  1:04  SCV  
  18  1:16  SCV  
  19  1:32  Orbital Command, Reaper  
  20  1:55  Command Center  
  20  1:58  SCV  
  21  2:04  Factory  
  21  2:09  Reaper  
  21  2:10  SCV  
  21  2:14  Supply Depot  
  23  2:20  Refinery  
  23  2:35  SCV  
  24  2:43  Barracks Reactor  
  24  2:47  SCV  
  24  2:48  Marine  
  24  2:49  Hellion  
  28  2:58  Starport  
  27  3:00  SCV  
  28  3:05  Marine  
  28  3:10  Orbital Command  
  28  3:12  SCV  
  30  3:17  Factory Tech Lab  
  30  3:24  SCV  
  31  3:27  Marine  
  32  3:36  Cyclone, SCV  
  36  3:42  Medivac  
  36  3:45  SCV  
  37  3:54  SCV  
  37  3:55  Marine  
  36  3:58  SCV  
  37  4:08  Supply Depot  
  37  4:09  Orbital Command  
  37  4:17  Barracks Reactor, Factory Tech Lab  
  37  4:22  SCV  
  37  4:23  Raven  
  40  4:30  Supply Depot  
  40  4:31  Refinery  
  40  4:35  SCV x2  
  40  4:37  Cyclone  
  45  4:47  SCV x2  
  47  4:55  Marine x2  
  47  4:59  SCV  
  50  5:00  SCV  
  50  5:10  Raven  
  50  5:11  SCV  
  50  5:12  SCV  
  54  5:14  Command Center  
  54  5:18  Marine x2  
  56  5:23  SCV  
  56  5:24  SCV  
  56  5:28  Siege Tank  
  61  5:35  SCV, Supply Depot  
  62  5:38  Refinery  
  62  5:39  Supply Depot  
  62  5:56  SCV  
  62  5:57  SCV  
  62  6:00  Siege Tank  
  62  6:03  Supply Depot  
  68  6:09  SCV  
  68  6:11  SCV  
  68  6:12  Barracks  
  68  6:13  Barracks  
  68  6:17  Marine, Viking x2  
  73  6:19  Stimpack  
  73  6:21  SCV  
  73  6:25  SCV, Supply Depot  
  75  6:27  Orbital Command  
  75  6:33  SCV  
  75  6:36  Engineering Bay  
  75  6:38  Engineering Bay  
  76  6:41  Siege Tank  
  76  6:43  SCV  
  76  6:45  SCV  
  81  6:49  Supply Depot  
  81  6:55  Orbital Command  
  81  6:57  Viking x2  
  81  6:58  SCV x2  
  87  7:02  Barracks Reactor x2  
  87  7:06  Marine  
  87  7:08  Supply Depot  
  88  7:09  Terran Infantry Weapons Level 1  
  88  7:10  Terran Infantry Armor Level 1  
  88  7:12  SCV x2  
  90  7:22  Siege Tank  
  94  7:24  SCV  
  94  7:29  Viking  
  94  7:30  Viking  
  93  7:42  Marine  
  93  7:43  Marine x4  
  67  8:00  Marine x2  
  67  8:01  Marine x3  
  68  8:16  Orbital Command  
  68  8:18  Marine x3  
  68  8:19  Marine  
  60  8:36  Marine  
  60  8:39  Marine  
  60  8:41  Marine  
  61  8:43  Orbital Command  
  61  8:45  Factory  
  52  9:14  Marine x2  
Tags
 
Add a new tag
Caveats
  • Supply blocks, unpowered buildings, or Contaminate may cause inaccurate times.
  • Supply counts are checked every 10 seconds.